 Dungeon Crawl Stone Soup version 0.14-a0-181-gf6fe0c6 (webtiles) character file.

117 Malachi the Grave Robber (level 2, 0/22 HPs)
             Began as a Deep Dwarf Necromancer on Oct 7, 2013.
             Slain by a human zombie (4 damage)
             ... on Level 2 of the Dungeon.
             The game lasted 00:01:29 (783 turns).

Malachi the Grave Robber (Deep Dwarf Necromancer)    Turns: 783, Time: 00:01:29

HP   0/22        AC  5     Str 11      XL: 2   Next: 51%
MP   4/4         EV 12     Int 15      God:
Gold 99          SH  0     Dex 13      Spells:  1 memorised,  2 levels left

Res.Fire  : . . .   See Invis. : .   f - +2 short sword
Res.Cold  : . . .   Warding    : .   a - +0 robe
Life Prot.: . . .   Conserve   : .   (no shield)
Res.Poison: .       Res.Corr.  : .   (no helmet)
Res.Elec. : .       Clarity    : .   (no cloak)
Sust.Abil.: . .     Spirit.Shd : .   h - +2 pair of elf gloves
Res.Mut.  : .       Stasis     : .   (no boots)
Res.Rott. : .       Flight     : .   (no amulet)
Saprovore : . . .                    (no ring)
                                     (no ring)

@: non-regenerating, slightly resistant to hostile enchantments, fairly stealthy
A: damage resistance, recharge devices, sense surroundings 1, slow healing 3
a: Device Recharging


You were on level 2 of the Dungeon.
You were not hungry.

You visited 1 branch of the dungeon, and saw 2 of its levels.

You collected 79 gold pieces.

Inventory:

Hand weapons
 f - a +2,+2 short sword (weapon)
Missiles
 k - 9 poisoned needles
Armour
 a - a +0 robe (worn)
 h - a +2 pair of elven gloves (worn)
Magical devices
 c - a wand of heal wounds (5)
Comestibles
 d - a bread ration
Scrolls
 e - 2 scrolls of enchant weapon II {unknown}
 g - a scroll of enchant weapon I {unknown}
 i - a scroll of magic mapping {unknown}
Potions
 j - a potion of mutation {unknown}
Books
 b - a book of Necromancy

   Spells                             Type                      Level
   *Pain                              Necromancy                   1
   Animate Skeleton                   Necromancy                   1
   Lethal Infusion                    Charms/Necromancy            2
   Vampiric Draining                  Necromancy                   3
   Regeneration                       Charms/Necromancy            3
   Animate Dead                       Necromancy                   4
   Control Undead                     Necromancy                   4


   Skills:
 + Level 2.1 Dodging
 + Level 2.4 Stealth
 + Level 1.1 Spellcasting
 + Level 5.1 Necromancy


You had 2 spell levels left.
You knew the following spells:

 Your Spells              Type           Power        Failure   Level  Hunger
a - Pain                  Necr           ###.         3%          1    ##.....


Dungeon Overview and Level Annotations

Branches:
Dungeon (2/27)

Altars:


Innate Abilities, Weirdness & Mutations

You are resistant to damage.
You can recharge devices by infusing magical energy.
You passively map a small area around you.
You do not heal naturally.


Message History

You hit the human zombie. The human zombie barely misses you.
You hit the human zombie but do no damage.
The human zombie barely misses you.
You barely miss the human zombie. The human zombie hits you.
You closely miss the human zombie. The human zombie completely misses you.
You hit the human zombie.
You hit the human zombie but do no damage.
The human zombie barely misses you.
You hit the human zombie but do no damage.
The human zombie closely misses you.
You hit the human zombie. The human zombie hits you.
You closely miss the human zombie. The human zombie hits you!
* * * LOW HITPOINT WARNING * * *
You hit the human zombie. The human zombie misses you.
You hit the human zombie. The human zombie hits you.
You hit the human zombie. The human zombie barely misses you.
You hit the human zombie. You hit the human zombie.
The human zombie barely misses you.
You completely miss the human zombie. The human zombie hits you.
You die...

, , * ###### , , > *
#>...# , #....#
#######....#
............# *
#@...# ,,
#h########z...#
............%.#######
.....#.z............#
.......<....%.......#
,
.....$..............#
8.............<...)#
**
...........##.###.##
#.............# ,#


You could see a human zombie.

Vanquished Creatures
  A giant gecko (D:2)
  A ball python (D:1)
  A hobgoblin (D:1)
  A kobold (D:1)
  A bat (D:1)
  2 giant cockroaches (D:1)
  4 giant newts
  5 goblins (D:1)
  2 rats (D:1)
18 creatures vanquished.

Notes
Turn   | Place    | Note
--------------------------------------------------------------
     0 | D:1      | Malachi, the Deep Dwarf Necromancer, began the quest for the Orb.
     0 | D:1      | Reached XP level 1. HP: 15/15 MP: 3/3
   377 | D:1      | Reached XP level 2. HP: 22/22 MP: 4/4
   398 | D:1      | Reached skill level 5 in Necromancy
   783 | D:2      | Slain by a human zombie

Action                   || total
-------------------------++-------
Melee: Short sword       ||    67
 Cast: Pain              ||     5
 Stab: Sleeping          ||     1
